 Dungeon Crawl Stone Soup version 0.31.0-9-g3a7656b989 (webtiles) character file.

Game seed: 10638174585886716095

47 qw the Shooter (level 3, 0/18 HPs)
             Began as a Spriggan Hunter on Feb 2, 2024.
             Succumbed to their own poison gas
             ... on level 1 of the Dungeon.
             The game lasted 00:00:03 (794 turns).

qw the Shooter (Spriggan Hunter)                     Turns: 794, Time: 00:00:03

Health: 0/18       AC:  2    Str:  7    XL:     3   Next: 48%
Magic:  4/4        EV: 19    Int: 10    God:
Gold:   15         SH:  0    Dex: 20    Spells: 2/2 levels left

rFire   . . .        a - +0 shortbow
rCold   . . .        (shield currently unavailable)
rNeg    . . .        c - +0 robe
rPois   .            (helmet restricted)
rElec   .            (no cloak)
rCorr   .            (gloves unavailable)
SInv    +            (boots unavailable)
Will    .....        (no amulet)
Stlth   ++           (no ring)
HPRegen 0.23/turn    (no ring)
MPRegen 0.09/turn

%: no passive effects
@: lethally poisoned (0 -> -5), very quick
A: very small, no large weapons, unfitting armour, see invisible, speed 3
a: no special abilities


You were on level 1 of the Dungeon.
You visited 1 branch of the dungeon, and saw 1 of its levels.

You collected 15 gold pieces.


Innate Abilities, Weirdness & Mutations

You are very small and have problems with some larger weapons.
You are too small for most types of armour.
You have supernaturally acute eyesight. (SInv)
You cover ground extremely quickly. (Speed+++)


   Skills:
 - Level 1.5 Fighting
 + Level 4.7 Ranged Weapons
 - Level 4.1 Dodging
 - Level 1.5 Stealth


You had 2 spell levels left.
You didn't know any spells.
Your spell library was empty.

Inventory:

Hand Weapons
 a - a +0 shortbow (weapon)
Armour
 c - a +0 robe (worn)
Potions
 d - a potion of mutation

Dungeon Overview and Level Annotations

Branches:
Dungeon (1/15)

Altars:

Shops:
D:1 ?


Message History

784 ||| READING scroll labelled YBRAKA PEOTHE.
As you read the scroll labelled YBRAKA PEOTHE, it crumbles to dust.
You feel momentarily disoriented.
It was a scroll of revelation.
Done exploring.
785 ||| READING scroll labelled GINNUGH HACSY.
The air fills with toxic fumes!
As you read the scroll labelled GINNUGH HACSY, it crumbles to dust.
It was a scroll of poison.
Done exploring.
786 ||| DROPPING scroll of butterflies.
You drop a scroll of butterflies.
Done exploring.
787 ||| DROPPING scroll of noise.
You drop a scroll of noise.
Done exploring.
What level of the Dungeon? (default 1, ? - help) Sorry, I don't know how to get there.
Enter note:
Enter note:
Enter note:
Enter note:
Enter note:
Enter note:
Enter note:
Enter note:
Enter note: You are engulfed in poison gas.
You are poisoned.
You feel very sick.
789 ||| Stepping ~*~*~tactically~*~*~ (cloud).
You feel sick.
Things that are here:
a scroll of noise; a scroll of butterflies
There is a lethal amount of poison in your body!
You feel very sick.
There is a lethal amount of poison in your body!
You feel very sick.
There is a lethal amount of poison in your body!
You feel sick.
There is a lethal amount of poison in your body!
You feel sick.
There is a lethal amount of poison in your body!
You die...

.....# #.##.# #.# #####.
#'#########.#.##########.# #.....
.......#..#.#.##########.# #.###.
.<.....+..'.#.##########.# #.# ##
.......#..#.#.##########.# #.#
#'#########.#.##########.# #.# #
.....# #.##.##########.###.# #
...~~# ##.##.##¤0¤0¤¤¤0.#.#.# #
~~~~~####.##0¤¤0@0¤0¤¤¤¤.....# #
#'####...######00#########.#.# #
......#########¤0####### #.#.# #
#.#####.#######0¤####### #.#.####
#.##.###.######¤¤####### #.#.....
#...## ##.....#0¤####### #.######
####.###.####.#¤¤#########.######
##[#.#####.#..###.............
##.## #.#..# #.#######.###.


There were no monsters in sight!

Vanquished Creatures
  2 dart slugs (D:1)
  4 ball pythons (D:1)
  5 endoplasms (D:1)
  2 goblins (D:1)
  9 hobgoblins (D:1)
  4 kobolds (D:1)
  3 quokkas (D:1)
  3 bats (D:1)
  4 frilled lizards (D:1)
  2 rats (D:1)
38 creatures vanquished.

Notes
Turn   | Place    | Note
-------+----------+-------------------------------------------
     0 | D:1      | qw the Spriggan Hunter began the quest for the Orb.
     0 | D:1      | Reached XP level 1. HP: 10/10 MP: 2/2
     0 | D:1      | 0 ||| qw: Version: 0.3-a-155-g5e7d8dd
     0 | D:1      | 0 ||| qw: Game counter: 1030
     0 | D:1      | 0 ||| qw: Melee chars always use a shield: true
     0 | D:1      | 0 ||| qw: God list: Okawaru
     0 | D:1      | 0 ||| qw: Allow faded altars: false
     0 | D:1      | 0 ||| qw: Do Orc after clearing Dungeon:15 true
     0 | D:1      | 0 ||| qw: Do second Lair branch before Depths: true
     0 | D:1      | 0 ||| qw: Lair rune preference: random
     0 | D:1      | 0 ||| qw: Goals: Normal
     0 | D:1      | 0 ||| PLANNING D:1-11
    51 | D:1      | Reached skill level 3 in Dodging
    98 | D:1      | Reached XP level 2. HP: 14/14 MP: 3/3
   256 | D:1      | Reached XP level 3. HP: 18/18 MP: 4/4
   298 | D:1      | Found Rywien's Magic Scroll Shoppe.
   308 | D:1      | 308 ||| SHOPLISTING scroll of enchant weapon (75 gold, have
                  | 0).
   308 | D:1      | 308 ||| SHOPLISTING scroll of identify (20 gold, have 0).
   308 | D:1      | 308 ||| SHOPLISTING scroll of teleportation (30 gold, have
                  | 0).
   782 | D:1      | 782 ||| READING 2 scrolls labelled NEKOUC WEEDGHA.
   782 | D:1      | 782 ||| IDENTIFYING metallic blue potion
   783 | D:1      | 783 ||| READING scroll of identify.
   783 | D:1      | 783 ||| IDENTIFYING scroll labelled YPLEGH MAEGUDD
   784 | D:1      | 784 ||| READING scroll labelled YBRAKA PEOTHE.
   785 | D:1      | 785 ||| READING scroll labelled GINNUGH HACSY.
   786 | D:1      | 786 ||| DROPPING scroll of butterflies.
   787 | D:1      | 787 ||| DROPPING scroll of noise.
   789 | D:1      | 789 ||| Stepping ~*~*~tactically~*~*~ (cloud).
   791 | D:1      | HP: 3/18 [poisoned by you (poison gas)]
   792 | D:1      | HP: 1/18 [poisoned by you (poison gas)]
   794 | D:1      | Succumbed to their own poison gas

Levels and vault maps discovered:
D:1:      dpeg_arrival_yet_another_circle, layout_loops_ring, serial_shops,
          shop, minmay_bisected

Skill      XL: |  1  2 |
---------------+-------+-----
Dodging        | 3 4 |  4.1
Fighting       | |  1.5
Ranged Weapons | |  4.7
Stealth        | |  1.5

Action                     || total
---------------------------++-------
   Fire: Shortbow          ||   100
    Use: Scroll            ||     4
 Armour: Robe              ||    10
  Dodge: Dodged            ||    43

Table legend:
 A = Non-vault XP
 B = Vault XP
 C = Vault XP percentage of total XP
 D = Non-vault monster count
 E = Vault monster count
 F = Vault count percentage of total count
                 A         B        C        D         E       F
            +---------+---------+-------+---------+---------+-------
      Total |      62 |       6 |   8.8 |      33 |       5 |  13.2
            +---------+---------+-------+---------+---------+-------
        D:1 |      62 |       6 |   8.8 |      33 |       5 |  13.2
            +---------+---------+-------+---------+---------+-------
